 Dungeon Crawl Stone Soup version 0.31-a0-1612-g4aaf141004 (webtiles) character file.

Game seed: 3306036862239974555

70 MisterAzrael the Changeling (level 4, 0/29 HPs)
             Began as an Octopode Shapeshifter on Jan 8, 2024.
             Slain by a gnoll
             ... wielding a +0 whip
              (9 damage)
             ... on level 3 of the Dungeon on Jan 10, 2024.
             The game lasted 00:04:00 (2058 turns).

MisterAzrael the Changeling (Octopode Shapeshifter) Turns: 2058, Time: 00:04:01

Health: 0/29       AC:  1    Str: 21    XL:     4   Next: 21%
Magic:  4/4        EV: 13    Int: 12    God:
Gold:   103        SH:  0    Dex: 11    Spells: 3/3 levels left

rFire   . .          .
                       - Unarmed
rCold   + . .        (no shield)
rNeg    . . .        (helmet currently unavailable)
rPois   .            (no amulet)
rElec   .            i - +6 ring of strength
rCorr   .            f - ring of protection from cold
SInv    .            (no ring)
Will    .....        (no ring)
Stlth   ++           (no ring)
HPRegen 0.24/turn    (no ring)
MPRegen 0.09/turn    (no ring)
                     (no ring)

%: no passive effects
@: beast-form
A: beast (slay +2), almost no armour, amphibious, 8 rings, camouflage 1,
gelatinous body 1, (nimble swimmer 1), tentacles
a: Begin Untransformation


You were on level 3 of the Dungeon.
You were a hulking beast.
You visited 1 branch of the dungeon, and saw 3 of its levels.

You collected 103 gold pieces.

Inventory:

Missiles
 m - a throwing net
Jewellery
 f - a ring of protection from cold (right tentacle)
 i - a +6 ring of strength (left tentacle)
 u - an amulet of reflection
Talismans
 b - a beast talisman
 c - a flux talisman
Scrolls
 e - a scroll of enchant armour {unknown}
 g - a scroll of revelation {unknown}
 h - a scroll of enchant weapon {unknown}
 j - a scroll of noise {unknown}
 k - a scroll of amnesia {unknown}
 l - a scroll of identify {unknown}
 s - a scroll of poison {unknown}
 v - a scroll of blinking {unknown}
Potions
 a - a potion of lignification
 d - a potion of ambrosia {unknown}
 n - a potion of might {unknown}
 o - 2 potions of attraction {unknown}
 p - a potion of berserk rage {unknown}
 q - a potion of enlightenment {unknown}
 r - a potion of degeneration {unknown}
 t - 2 potions of mutation {unknown}


   Skills:
 + Level 2.0 Fighting
 + Level 2.6 Dodging
 + Level 3.4 Unarmed Combat
 * Level 3.6 Shapeshifting


You had 3 spell levels left.
You didn't know any spells.
Your spell library was empty.

Dungeon Overview and Level Annotations

Branches:
Dungeon (3/15)

Altars:

Shops:
D:3 **!


Innate Abilities, Weirdness & Mutations

You are a hulking beast.
Your limbs bulge with bestial killing power. (Slay +2)
You cannot wear most types of armour.
You are amphibious.
You can wear up to eight rings at the same time.
Your skin changes colour to match your surroundings (Stealth+).
Your rubbery body absorbs attacks. (AC +1, EV +1)
((You are camouflaged when in or above water. (Stealth+)))
You have tentacles for arms and can constrict up to eight enemies at once.


Message History

You hear the rusting of a very distant drain.
A bat comes into view.
A bat is nearby!
A bat is nearby!
The bat misses you.
The bat hits you. x2; The bat hits you but does no damage.
You tentacle-slap the bat.
You kill the bat!
No target in view!
No target in view!
A ball python comes into view.
The ball python hisses angrily.
A ball python is nearby!
Found 2 gold pieces.
You tentacle-slap the ball python. You grab the ball python.
You tentacle-slap the ball python.
You kill the ball python!
No target in view!
No target in view!
You now have 103 gold pieces (gained 2).
A gnoll comes into view. It is wielding a +0 club.
A gnoll is nearby!
Found a fuming green potion. 3 gnolls come into view.
A gnoll is wielding a +0 club and quivering 2 throwing nets.
The gnoll shouts! x3
A rat comes into view.
Found 5 gold pieces and 2 inky potions.
The gnoll hits you from afar with a +0 spear!
Found Coschahola's Distillery.
The gnoll hits you with a +0 spear. The rat closely misses you.
You closely miss the gnoll.
The gnoll shouts!
Your grab misses the gnoll.
You hear the rusting of a distant drain.
You closely miss the gnoll. Your grab misses the gnoll.
The gnoll hits you with a +0 whip! The rat bites you but does no damage.
A rat comes into view.
The gnoll hits you with a +0 spear. The gnoll hits you with a +0 whip!
You die...

####### ......# ######
#####.############......
........................
#####.##########h.......
...............ggg......
#####.########.rg.......
........# #........!..
#####.#.# #...........$
....†.#.###.............
###....................r
..+............!........
###................∩....


You could see 4 gnolls and 2 rats.

Vanquished Creatures
  An adder (D:2)
  2 ribbon worms (D:2)
  A dart slug (D:2)
  An orc (D:3)
  A giant cockroach (D:3)
  5 goblins
  9 hobgoblins
  6 jackals
  A quokka (D:1)
  2 ball pythons
  4 bats
  3 frilled lizards
  5 kobolds
  5 rats
46 creatures vanquished.

Notes
Turn   | Place    | Note
-------+----------+-------------------------------------------
     0 | D:1      | MisterAzrael the Octopode Shapeshifter began the quest for
                  | the Orb.
     0 | D:1      | Reached XP level 1. HP: 13/13 MP: 1/1
   173 | D:1      | Reached XP level 2. HP: 16/18 MP: 2/2
  1086 | D:2      | Reached XP level 3. HP: 23/23 MP: 3/3
  1704 | D:2      | Reached XP level 4. HP: 29/29 MP: 4/4
  1862 | D:3      | Found Acu Tazu's Assorted Antiques.
  1903 | D:3      | Found Xiditor's Assorted Antiques.
  1928 | D:3      | Upgraded the game from 0.31-a0-1603-gbec6b6ccbf to
                  | 0.31-a0-1612-g4aaf141004
  2055 | D:3      | Found Coschahola's Distillery.
  2058 | D:3      | Slain by a gnoll

Illustrated notes

Levels and vault maps discovered:
D:1:      wander_arrival_peaceful_grave, layout_loops_corners,
          roderic_roman_lattice
D:2:      layout_basic, kennysheep_cluttered_room, minmay_surrounded
D:3:      layout_basic, gup_sewer_entry_pipe, serial_shops, shop, shop, shop,
          nicolae_shop_tiny_statue_garden, nicolae_shop_behind_doors,
          kennysheep_potato

Skill      XL: |  1  2  3  4 |
---------------+-------------+-----
Fighting       | 2 |  2.0
Dodging        | |  2.6
Unarmed Combat | |  3.4
Shapeshifting  | |  3.6

Action                     |  1- 3 |  4- 6 || total
---------------------------+-------+-------++-------
  Melee: Unarmed           |    71 |    18 ||    89
         Constrict         |    18 |     5 ||    23
         Tentacles         |     9 |       ||     9
         Punch             |     3 |     1 ||     4
   Stab: Sleeping          |     7 |     1 ||     8
 Armour: Skin              |    26 |    14 ||    40
  Dodge: Dodged            |    32 |    12 ||    44

Table legend: (Time is in decaauts)
 A = Elapsed time spent in this place.
 B = Non-inter-level travel time spent in this place.
 C = Inter-level travel time spent in this place.
 D = Time resting spent in this place.
 E = Time spent auto-exploring this place.
 F = Levels seen in this place.
 G = Mean time per level.
                   A        B        C        D        E       F      G
               +--------+--------+--------+--------+--------+-----+--------+
         Total |   2051 |   1978 |     73 |    293 |   1406 |   3 |  683.7 |
       Dungeon |   2051 |   1978 |     73 |    293 |   1406 |   3 |  683.7 |
               +--------+--------+--------+--------+--------+-----+--------+

Top non-repeatable levels by time:
     D:1: 1076 daAuts
     D:2: 771 daAuts
     D:3: 203 daAuts
